 Dungeon Crawl Stone Soup version 0.32-a0-673-g3729bd50f8 (webtiles) character file.

Game seed: 6245594949676574928

113564 cforsyth the Severer (level 16, -12/152 HPs)
             Began as a Mountain Dwarf Necromancer on Mar 10, 2024.
             Was the Champion of Kikubaaqudgha.
             Mangled by a guardian serpent (15 damage)
             ... on level 3 of the Snake Pit.
             The game lasted 01:17:24 (39061 turns).

cforsyth the Severer (Mountain Dwarf Necromancer)  Turns: 39061, Time: 01:17:24

Health: -12/152    AC: 30    Str: 24    XL:     16   Next: 14%
Magic:  20/22      EV:  7    Int: 19    God:    Kikubaaqudgha [******]
Gold:   3485       SH: 10    Dex:  9    Spells: 8/23 levels left

rFire   + . .        U - +1 broad axe
rCold   + . .        K - +2 kite shield {rN+}
rNeg    + . .        P - +1 plate armour {rF+}
rPois   .            t - +2 hat
rElec   .            R - +1 cloak {rCorr}
rCorr   +            d - +1 pair of gloves
SInv    .            a - +0 pair of boots {rampage}
Will    +....        X - amulet of regeneration Stlth
                     l - ring "Monguj" {rC+ Str+5 Slay+2}
HPRegen 1.25/turn    T - +4 ring of protection
MPRegen 0.18/turn

%: clarity, rampage
@: lethally poisoned (-12 -> -35), animating dead, hasted and slowed
A: runic magic, artefact enchanting, clarity, strong 1
a: Renounce Religion, Unearth Wretches, Torment


You were on level 3 of the Snake Pit.
You worshipped Kikubaaqudgha.
Kikubaaqudgha was exalted by your worship.
You visited 5 branches of the dungeon, and saw 26 of its levels.
You also visited: Gauntlet and Ice Cave.

You collected 4321 gold pieces.
You spent 836 gold pieces at shops.


Innate Abilities, Weirdness & Mutations

Your spellcasting is much less encumbered by armour.
You can use scrolls of enchantment on lesser artefacts.
You possess an exceptional clarity of mind.
Your muscles are strong. (Str +4, Int/Dex -1)


   Skills:
 - Level 16.3 Fighting
 - Level 17.1 Axes
 - Level 15.0 Armour
 - Level 1.3 Dodging
 - Level 1.4 Stealth
 + Level 5.2 Shields
 + Level 4.4 Spellcasting
 - Level 16.2 Necromancy


You had 8 spell levels left.
You knew the following spells:

 Your Spells              Type           Power      Damage    Failure   Level
a - Animate Dead          Necr           60%        N/A       1%          4
d - Death Channel         Necr           30%        N/A       9%          6
n - Dispel Undead         Necr           60%        3d21      1%          4
X - Necrotise             Necr           100%       1d9       1%          1

Your spell library contained the following spells:

 Spells                   Type           Power      Damage    Failure   Level
 Kiss of Death            Conj/Necr      100%       2d13      1%          1
 Sublimation of Blood     Necr           60%        N/A       1%          2
 Fugue of the Fallen      Necr           60%        N/A       1%          3
 Vampiric Draining        Necr           60%        2d10      1%          3
 Curse of Agony           Necr           60%        N/A       1%          5
 Cigotuvi's Dreadful Rot  Necr/Alch/Air  48%        N/A       8%          2
 Anguish                  Hex/Necr       17%        N/A       16%         4
 Martyr's Knell           Necr/Summ      35%        N/A       16%         4
 Shock                    Conj/Air       16%        1d4       41%         1
 Slow                     Hex            16%        N/A       41%         1
 Lesser Beckoning         Tloc           8%         N/A       56%         2
 Confusing Touch          Hex            4%         N/A       80%         3
 Gell's Gravitas          Tloc           4%         N/A       80%         3
 Inner Flame              Hex/Fire       4%         N/A       80%         3
 Sigil of Binding         Hex            4%         N/A       80%         3
 Swiftness                Air            4%         N/A       80%         3
 Teleport Other           Tloc           4%         N/A       80%         3
 Borgnjor's Revivificati  Necr           30%        N/A       98%         8
 Infestation              Necr           30%        N/A       98%         8
 Airstrike                Air            2%         2d(1-17)  99%         4
 Olgreb's Toxic Radiance  Alch           4%         N/A       99%         4
 Petrify                  Alch/Erth      4%         N/A       99%         4
 Irradiate                Conj/Alch      2%         3d12      100%        5
 Summon Forest            Summ/Tloc      2%         N/A       100%        5
 Eringya's Noxious Bog    Alch           2%         4d6       100%        6
 Haunt                    Necr/Summ      17%        N/A       100%        7
 Malign Gateway           Summ/Tloc      2%         N/A       100%        7
 Ozocubu's Refrigeration  Ice            2%         4d7       100%        7
 Summon Hydra             Summ           2%         N/A       100%        7
 Discord                  Hex            2%         N/A       100%        8
 Ignition                 Fire           2%         3d3       100%        8
 Summon Horrible Things   Summ           2%         N/A       100%        8
 Death's Door             Necr           30%        N/A       100%        9

Inventory:

Hand Weapons
 O - a +4 heavy war axe
 U - a +1 broad axe (weapon)
Armour
 a - a +0 pair of boots of rampaging (worn)
 d - a +1 pair of gloves (worn)
 t - a +2 hat (worn)
 K - a +2 kite shield of positive energy (worn)
 P - a +1 plate armour of fire resistance (worn)
 R - a +1 cloak of preservation (worn)
 Z - a +2 cloak
Jewellery
 c - a ring of protection from cold
 f - a ring of protection from fire
 l - the ring "Monguj" (left hand) {rC+ Str+5 Slay+2}
   (You found it in an ice cave)

   [ring of protection from cold]

   Str+5:     It affects your strength (+5).
   Slay+2:    It affects your accuracy & damage with ranged weapons and melee
   (+2).
   rC+:       It protects you from cold.
 p - the ring "Vecukkas" {rC+++ Will+ Str+5 Int-5}
   (You found it in a Gauntlet)

   [ring of willpower]

   Str+5:     It affects your strength (+5).
   Int-5:     It affects your intelligence (-5).
   rC+++:     It renders you almost immune to cold.
   Will+:     It increases your willpower.
 v - a ring of protection from fire
 y - an amulet of magic regeneration
 E - a +5 ring of evasion
 F - a ring of protection from fire
 L - a ring of flight
 N - a ring of positive energy
 T - a +4 ring of protection (right hand)
 X - an amulet of regeneration (around neck)
Wands
 g - a wand of digging (8)
 C - a wand of roots (1)
 J - a wand of polymorph (5)
 M - a wand of mindburst (13)
 Q - a wand of flame (16)
 S - a wand of paralysis (6)
Scrolls
 h - 6 scrolls of poison
 i - 3 scrolls of enchant weapon
 j - 7 scrolls of teleportation {@r2}
 m - a scroll of fear
 r - 2 scrolls of vulnerability
 w - 4 scrolls of amnesia
 z - 3 scrolls of noise
 G - 3 scrolls of immolation
 H - a scroll of brand weapon {unknown}
 I - 3 scrolls of fog
 V - a scroll of revelation
Potions
 b - a potion of heal wounds {@q2}
 e - a potion of haste {@q3}
 k - 3 potions of magic
 n - 4 potions of attraction
 o - 5 potions of ambrosia
 q - a potion of resistance
 s - 4 potions of invisibility
 u - 12 potions of curing {@q1}
 x - 4 potions of might
 A - 2 potions of lignification
 B - 3 potions of mutation
 D - 3 potions of cancellation
 W - a potion of enlightenment
Miscellaneous
 Y - a tin of tremorstones (2/2)

Dungeon Overview and Level Annotations

Branches:
Dungeon (15/15)            Temple (1/1) D:4            Lair (5/5) D:8
  Swamp (0/4) Lair:2        Snake (3/4) Lair:2        Slime (0/5) Lair:4
    Orc (2/2) D:10            Elf (0/3) Orc:2        Vaults (0/5) D:14
 Depths (0/4) D:15          IceCv (visited)         Gauntlet (visited)

Altars:
Ashenzari
Cheibriados
Dithmenos
Elyvilon
Fedhas
Gozag
Hepliaklqana
Kikubaaqudgha
Makhleb
Nemelex Xobeh
Okawaru
Qazlal
Ru
Sif Muna
Trog
Uskayaw
Vehumet
Wu Jian
Xom
Yredelemnul
Zin
The Shining One

Shops:
D:12 *   Orc:2 ![((

#####..............#
#..........##.#.#..#
..........###...#.#
..........##......#
.............#...#
.........).###...####
.........##........N#
.........##....(....#
./......###....S@N..#
.....S..# ##.##.#####
......... ...##.#
................#
?...........#N>..
.^S..............
..####..... #.....
#.....#


You could see 2 naga warriors, a guardian serpent and a naga (strong, fleeing).


Message History

Unknown command.
Unknown command.
Unknown command.
You feel much better.
* * * LOW HITPOINT WARNING * * *
You feel extremely sick.
You block the guardian serpent's attack.
The naga warrior spits poison at you. The splash of poison hits you.
You are more poisoned.
* * * LOW HITPOINT WARNING * * *
Unknown command.
Unknown command.
You feel much better.
* * * LOW HITPOINT WARNING * * *
You feel extremely sick.
You block the guardian serpent's attack.
You block the naga warrior's attack. x2
The guardian serpent casts a spell at you.
You feel yourself slow down.
Unknown command.
Unknown command.
Unknown command.
Unknown command.
You feel yourself speed up.
* * * LOW HITPOINT WARNING * * *
You feel extremely sick. The guardian serpent hits you!
You die...
Kikubaaqudgha rasps: You have failed me!
Welcome... death!

Skill      XL: |  1  2  3  4  5  6  7  8  9 10 11 12 13 14 15 16 |
---------------+-------------------------------------------------+-----
Fighting       | 1 2 4 5 7 8 9 11 12 13 15 16 | 16.3
Necromancy     | 5 6 7 8 9 10 12 13 14 15 16 | 16.2
Axes           | 2 4 5 7 9 11 12 14 15 16 17 | 17.1
Armour         | 2 3 5 7 8 10 11 13 14 15 | 15.0
Shields        | 4 5 |  5.2
Spellcasting   | 3 4 |  4.4
Dodging        | |  1.3
Stealth        | |  1.4

Action                     |  1- 3 |  4- 6 |  7- 9 | 10-12 | 13-15 | 16-18 || total
---------------------------+-------+-------+-------+-------+-------+-------++-------
  Melee: Unarmed           |     8 |       |       |     3 |       |       ||    11
         Dagger            |       |    59 |       |       |       |       ||    59
         War axe           |       |       |    17 |   233 |   847 |    30 ||  1127
         Hand axe          |       |       |   183 |    61 |       |       ||   244
         Battleaxe         |       |       |       |   128 |       |       ||   128
         Broad axe         |       |       |       |       |       |    48 ||    48
   Cast: Necrotise         |    76 |    74 |   115 |    32 |     4 |       ||   301
         Animate Dead      |       |       |     1 |    16 |    30 |     3 ||    50
 Invoke: Receive Forbidden |       |       |       |       |     1 |       ||     1
  Evoke: Wand              |       |     4 |     2 |     7 |    23 |       ||    36
    Use: Potion            |     4 |     1 |       |     4 |     4 |     4 ||    17
         Scroll            |       |       |       |    14 |    18 |     3 ||    35
   Stab: Paralysed         |       |     9 |     6 |       |       |       ||    15
         Distracted        |       |       |     1 |     1 |     4 |     2 ||     8
 Armour: Robe              |    21 |     9 |       |       |       |       ||    30
         Plate armour      |       |    48 |   261 |   738 |  1332 |   120 ||  2499
         Skin              |       |       |       |    14 |       |       ||    14
  Dodge: Dodged            |    19 |    16 |    69 |   165 |   317 |    19 ||   605
  Block: Kite shield       |       |       |       |       |       |    39 ||    39

Levels and vault maps discovered:
D:1:      dpeg_arrival_arbitrary_c, layout_basic
D:2:      layout_basic, st_stairs_10, uniq_natasha, uniq_sigmund
D:3:      layout_loops_ring, gammafunk_ghost_split, uniq_crazy_yiuf_cottage
D:4:      layout_basic, minmay_temple_entry_steel_oval, minmay_misc_feat_iff,
          chequers_arboretum
D:5:      lemuel_insect_pit, layout_cave_pools,
          grunt_temple_overflow_forces_of_nature, serial_co_window_serial,
          co_window_corner_a, co_window_corner_a, co_window_corner_a,
          co_window_of_opportunity_a, co_window_corner_a, co_window_paths_b,
          co_window_corner_a, co_window_corner_ca, co_window_2corner,
          co_window_corner_b, co_window_of_opportunity_b,
          co_window_unsneaky_path_b, co_window_corner_b, co_window_2corner,
          glass_columns_a, glass_columns_a, glass_columns_b, glass_columns_b,
          glass_columns_a, dk_vineyard_2
D:6:      layout_cave_pools
D:7:      layout_basic, nicolae_uskayaw_dance_hall, minmay_statues_item
D:8:      layout_rooms, david_lair_generic, uniq_pikel, uniq_joseph
D:9:      nicolae_cairo_tiling_very_big, layout_layer_cave,
          nemelex_xobeh_ov_fountains_minmay, minitemple,
          mainiacjoe_overflow_small_starburst
D:10:     layout_loops_ring, minmay_orc_entry_guard_dogs
D:11:     layout_loops_ring, grunt_ministairs_12
D:12:     layout_basic, serial_shops, shop
D:13:     layout_stronghold, portal_ice_cave_entry_imps, serial_column_ruins,
          column_ruins_hut, column_ruins_grid_3, column_ruins_grid_1,
          column_ruins_grid_4, column_ruins_open_tiny
D:14:     layout_loops_corners, erik_vaults_1, minmay_misc_feat_pillars
D:15:     grunt_enter_depths_giant_problem, layout_rooms,
          gauntlet_entry_generic, lemuel_flamethrower_3
Temple:   hellmonk_temple_two_chambers
Lair:1:   layout_chaotic_city, basic_altar, grunt_megastairs_5, uniq_nergalle,
          uniq_amaemon, uniq_prince_ribbit2
Lair:2:   layout_misc_corridors, palyth_hydra_swamp_entry,
          guppyfry_snake_entry_garden, chequers_serial_rivers_room_a
Lair:3:   layout_layer_cave, grunt_megastairs_1
Lair:4:   layout_gridlike, slime_entry_1
Lair:5:   wormcave, layout_regular_city
Snake:1:  layout_onion, lemuel_fruit_tree, nicolae_triple_integral
Snake:2:  layout_grid_maze, nicolae_snake_salamander_zone
Snake:3:  layout_rooms, serial_shops, shop, nicolae_letterblocks
          [nicolae_letter_subblock, nicolae_letter_subblock,
          nicolae_letter_subblock, nicolae_letter_subblock,
          nicolae_letter_subblock, nicolae_letter_subblock,
          nicolae_letter_subblock, nicolae_letter_subblock,
          nicolae_letter_subblock, nicolae_letter_subblock,
          nicolae_letter_subblock, nicolae_letter_subblock,
          nicolae_letter_subblock, nicolae_letter_subblock,
          nicolae_letter_subblock, nicolae_letter_subblock,
          nicolae_letter_subblock, nicolae_letter_subblock,
          nicolae_letter_subblock, nicolae_letter_subblock,
          nicolae_letter_subblock, nicolae_letter_subblock,
          nicolae_letter_subblock, nicolae_letter_subblock,
          nicolae_letter_subblock], uniq_nikola
Orc:1:    layout_caves
Orc:2:    st_orc_mages, layout_caves, ebering_ghost_reflecting_pool

Notes
Turn   | Place    | Note
-------+----------+-------------------------------------------
     0 | D:1      | cforsyth the Mountain Dwarf Necromancer began the quest for
                  | the Orb.
     0 | D:1      | Reached XP level 1. HP: 14/14 MP: 3/3
   124 | D:1      | Reached skill level 1 in Fighting
   243 | D:1      | Reached XP level 2. HP: 23/23 MP: 1/4
   896 | D:1      | Reached skill level 2 in Fighting
   954 | D:1      | Reached skill level 5 in Necromancy
   954 | D:1      | Reached XP level 3. HP: 29/29 MP: 3/5
  1177 | D:2      | Noticed Natasha
  1392 | D:2      | Killed Natasha
  1736 | D:2      | Noticed Sigmund
  1858 | D:1      | HP: 1/30 [Sigmund/+0 scythe (8)]
  1859 | D:1      | Gained mutation: Your muscles are strong. (Str +4, Int/Dex
                  | -1) [potion of mutation]
  1859 | D:1      | Gained mutation: You possess an exceptional clarity of
                  | mind. [potion of mutation]
  1861 | D:1      | Killed Sigmund
  1862 | D:1      | Reached skill level 4 in Fighting
  1862 | D:1      | Reached skill level 6 in Necromancy
  1862 | D:1      | Reached XP level 4. HP: 9/40 MP: 1/6
  1862 | D:1      | Reached XP level 5. HP: 11/46 MP: 1/7
  2410 | D:3      | Noticed Esekla's ghost (amateur OpDe)
  2411 | D:3      | Found a runed translucent gate.
  2411 | D:3      | Found a runed translucent gate.
  2411 | D:3      | Found a runed translucent gate.
  2784 | D:3      | Reached XP level 6. HP: 53/53 MP: 0/8
  2962 | D:3      | Reached skill level 1 in Axes
  3053 | D:3      | Found a runed translucent door.
  3054 | D:3      | Noticed Crazy Yiuf
  3857 | D:4      | Found a staircase to the Ecumenical Temple.
  3969 | Temple   | Entered the Ecumenical Temple
  3973 | Temple   | Became a worshipper of Kikubaaqudgha
  4201 | D:4      | Reached skill level 1 in Armour
  4596 | D:5      | Entered Level 5 of the Dungeon
  4628 | D:5      | Noticed an ice beast
  4655 | D:5      | Killed an ice beast
  4656 | D:5      | Reached skill level 2 in Axes
  4838 | D:5      | Found a runed translucent door.
  4857 | D:5      | You fall into a shaft and drop 2 floors!
  4901 | D:7      | Found a hide-covered altar of Uskayaw.
  4971 | D:7      | Noticed a water moccasin
  4984 | D:7      | HP: 5/55 [poisoned by a water moccasin]
  4987 | D:7      | Killed a water moccasin
  4988 | D:7      | Reached skill level 5 in Fighting
  4988 | D:7      | Reached skill level 2 in Armour
  4988 | D:7      | Reached XP level 7. HP: 11/61 MP: 9/9
  5198 | D:7      | Learned a level 4 spell: Animate Dead
  5357 | D:7      | Reached skill level 7 in Necromancy
  5428 | D:7      | Noticed a wyvern
  5439 | D:7      | Killed a wyvern
  5440 | D:7      | Reached skill level 3 in Axes
  5440 | D:7      | Reached skill level 3 in Armour
  5955 | D:8      | Noticed a steam dragon
  5956 | D:8      | Noticed a wyvern
  5958 | D:8      | Noticed a death yak
  6052 | D:8      | Noticed Pikel
  6226 | D:5      | Reached skill level 4 in Axes
  6226 | D:5      | Reached XP level 8. HP: 70/70 MP: 8/10
  6248 | D:5      | Found a blossoming altar of Fedhas.
  6251 | D:5      | Found a stormy altar of Qazlal.
  6389 | D:5      | Reached skill level 6 in Fighting
  6529 | D:5      | Reached skill level 4 in Armour
  6981 | D:5      | Reached * piety under Kikubaaqudgha
  6981 | D:5      | Received a gift from Kikubaaqudgha
  7261 | D:5      | Found a runed translucent door.
  7277 | D:5      | Reached skill level 8 in Necromancy
  7291 | D:5      | Reached skill level 5 in Axes
  7559 | D:6      | Reached skill level 5 in Armour
  7795 | D:7      | Reached skill level 7 in Fighting
  7871 | D:6      | Reached XP level 9. HP: 79/79 MP: 11/11
  8248 | D:8      | Noticed Joseph
  8439 | D:7      | Killed Pikel
  8440 | D:7      | Reached skill level 6 in Axes
  8466 | D:8      | Found a staircase to the Lair.
  8508 | D:7      | Reached ** piety under Kikubaaqudgha
  8509 | D:7      | Reached skill level 6 in Armour
  8596 | D:8      | Reached skill level 9 in Necromancy
  8750 | D:8      | Killed Joseph
  8751 | D:8      | Reached skill level 8 in Fighting
  8751 | D:8      | Reached skill level 7 in Axes
  8811 | D:8      | Noticed a two-headed ogre
  8827 | D:8      | Killed a two-headed ogre
  8828 | D:8      | Reached skill level 7 in Armour
  8988 | D:7      | Reached XP level 10. HP: 56/90 MP: 12/12
  9795 | Lair:1   | Entered Level 1 of the Lair of Beasts
 10276 | D:9      | Found a sparkling altar of Nemelex Xobeh.
 10303 | D:9      | Reached skill level 8 in Axes
 10311 | D:9      | Reached skill level 10 in Necromancy
 10536 | D:9      | Reached skill level 9 in Fighting
 10721 | D:9      | Found a sacrificial altar of Ru.
 11168 | D:9      | Found a shimmering blue altar of Sif Muna.
 11168 | D:9      | Found a bloodstained altar of Trog.
 11169 | D:9      | Found an iron altar of Okawaru.
 11169 | D:9      | Found a burning altar of Makhleb.
 11170 | D:9      | Found an opulent altar of Gozag.
 11557 | D:10     | Entered Level 10 of the Dungeon
 11877 | D:10     | Reached skill level 8 in Armour
 11969 | D:10     | Noticed a two-headed ogre
 11997 | D:10     | Killed a two-headed ogre
 11998 | D:10     | Reached skill level 9 in Axes
 13623 | D:11     | Noticed a red ugly thing
 13623 | D:11     | Noticed a two-headed ogre
 13639 | D:9      | Killed a red ugly thing
 13640 | D:9      | Reached XP level 11. HP: 61/99 MP: 13/13
 13749 | D:10     | Killed a two-headed ogre
 13750 | D:10     | Reached skill level 10 in Fighting
 13750 | D:10     | Reached skill level 11 in Necromancy
 13969 | D:10     | Found a staircase to the Orcish Mines.
 14215 | D:11     | Noticed a boulder beetle
 14238 | D:11     | Reached skill level 9 in Armour
 14652 | D:11     | Identified the +8 great sword of the Poles {flame, rElec}
 14669 | D:11     | Noticed a red ugly thing
 14682 | D:11     | Killed a red ugly thing
 14810 | D:11     | Reached skill level 10 in Axes
 14928 | D:11     | Reached *** piety under Kikubaaqudgha
 14928 | D:11     | Received a gift from Kikubaaqudgha
 15121 | D:11     | Noticed a two-headed ogre
 15129 | D:11     | Killed a two-headed ogre
 15269 | D:11     | Killed a boulder beetle
 15424 | D:11     | Identified a scroll of acquirement
 15502 | D:12     | Acquired 354 gold pieces
 15822 | D:12     | Noticed a boulder beetle
 15835 | D:12     | Reached skill level 11 in Fighting
 15838 | D:12     | Killed a boulder beetle
 15839 | D:12     | Reached skill level 11 in Axes
 15839 | D:12     | Reached skill level 10 in Armour
 16120 | D:12     | Reached skill level 12 in Necromancy
 16231 | D:12     | Found Duigel's General Store.
 16346 | D:12     | Bought a scroll of identify for 24 gold pieces
 17078 | D:8      | Killed a death yak
 17079 | D:8      | Reached XP level 12. HP: 43/110 MP: 14/14
 17867 | Lair:1   | Noticed Amaemon
 17888 | Lair:1   | Noticed Prince Ribbit
 17896 | Lair:1   | Killed Amaemon
 18326 | Lair:1   | Killed Prince Ribbit
 18335 | Lair:1   | Reached **** piety under Kikubaaqudgha
 18513 | Lair:1   | Reached skill level 11 in Armour
 18515 | Lair:1   | Reached skill level 12 in Axes
 18619 | Lair:1   | Found a shimmering altar of Xom.
 18668 | Lair:1   | Reached skill level 12 in Fighting
 18717 | Lair:1   | Noticed Nergalle
 18728 | Lair:1   | Killed Nergalle
 19286 | Lair:2   | Reached skill level 13 in Necromancy
 20134 | Lair:2   | Reached XP level 13. HP: 119/119 MP: 15/15
 20431 | Lair:2   | Found a staircase to the Snake Pit.
 20638 | Lair:2   | Acquired 912 gold pieces
 20739 | Lair:2   | Upgraded the game from 0.32-a0-666-ge8a88695a4 to
                  | 0.32-a0-673-g3729bd50f8
 20818 | Lair:3   | Reached skill level 13 in Axes
 20820 | Lair:3   | Reached skill level 12 in Armour
 20829 | Lair:3   | HP: 11/119 [poisoned by a water moccasin]
 21775 | Lair:3   | Reached skill level 13 in Fighting
 22682 | Lair:4   | Reached ***** piety under Kikubaaqudgha
 22684 | Lair:4   | Reached skill level 14 in Necromancy
 23041 | Lair:4   | Found a staircase to the Slime Pits.
 23471 | Lair:5   | Entered Level 5 of the Lair of Beasts
 23477 | Lair:5   | Reached skill level 14 in Axes
 23736 | Lair:5   | Reached skill level 13 in Armour
 24152 | Lair:5   | Learned a level 4 spell: Dispel Undead
 24207 | Lair:5   | Paralysed by a hornet for 1 turns
 24208 | Lair:5   | Reached XP level 14. HP: 111/130 MP: 16/16
 24237 | Lair:5   | Reached skill level 14 in Fighting
 24237 | Lair:5   | HP: 6/132 [death yak (16)]
 24248 | Lair:5   | HP: 2/132 [death yak (11)]
 25738 | Lair:2   | Reached skill level 15 in Necromancy
 25950 | Lair:2   | Found a staircase to the Swamp.
 26251 | Orc:1    | Entered Level 1 of the Orcish Mines
 26674 | Orc:2    | Entered Level 2 of the Orcish Mines
 26860 | Orc:2    | Found a runed translucent door.
 26861 | Orc:2    | Noticed olddryhag's ghost (journeyman DsGl)
 26883 | Orc:2    | Reached ****** piety under Kikubaaqudgha
 26900 | Orc:2    | Paralysed by an orc sorcerer for 5 turns
 27134 | Orc:1    | Reached skill level 15 in Axes
 27343 | Orc:2    | Found Deitus's Antique Weapon Shop.
 27343 | Orc:2    | Found Zotheno's Weapon Shop.
 27343 | Orc:2    | Found Xoassumm's Antique Armour Boutique.
 27573 | Orc:2    | Found Ypaebo's Distillery.
 27733 | Orc:2    | Reached skill level 14 in Armour
 27979 | Orc:2    | Found a staircase to the Elven Halls.
 28224 | Orc:2    | Bought a potion of curing for 42 gold pieces
 28224 | Orc:2    | Bought a potion of haste for 140 gold pieces
 28224 | Orc:2    | Bought a potion of curing for 42 gold pieces
 28224 | Orc:2    | Bought a potion of invisibility for 112 gold pieces
 28224 | Orc:2    | Bought a potion of curing for 42 gold pieces
 28227 | Orc:2    | Bought a pair of glowing boots for 217 gold pieces
 28240 | Orc:2    | Bought an embroidered cloak for 217 gold pieces
 28513 | D:13     | Found a frozen archway.
 28607 | IceCv    | Entered an ice cave
 28620 | IceCv    | Received a gift from Kikubaaqudgha (forbidden knowledge)
 28639 | IceCv    | Learned a level 6 spell: Death Channel
 29179 | IceCv    | Noticed a quicksilver ooze
 29185 | IceCv    | Killed a quicksilver ooze
 29296 | IceCv    | Noticed an azure jelly
 29305 | IceCv    | Killed an azure jelly
 29308 | IceCv    | Found a viscous altar of Jiyva.
 29443 | IceCv    | Got the ring "Monguj" {rC+ Str+5 Slay+2}
 29568 | D:13     | Reached skill level 15 in Fighting
 30234 | D:13     | Reached XP level 15. HP: 132/141 MP: 17/17
 31457 | D:14     | Identified the +1 trident "Fiydyez" {antimagic, rF+ Stlth+}
 31898 | D:14     | Found a gate to the Vaults.
 32350 | D:15     | Entered Level 15 of the Dungeon
 32369 | D:15     | Found a gate leading to a gauntlet.
 32381 | D:15     | Reached skill level 16 in Necromancy
 32382 | D:15     | Reached skill level 16 in Axes
 32400 | D:15     | Found a staircase to the Depths.
 32436 | Gauntlet | Entered a Gauntlet
 32436 | Gauntlet | Found a transporter.
 32436 | Gauntlet | Found a transporter.
 32532 | Gauntlet | Found a transporter.
 32532 | Gauntlet | Found a transporter.
 32535 | Gauntlet | Found a transporter.
 32537 | Gauntlet | Found a large runed translucent door.
 32538 | Gauntlet | Found a large runed translucent door.
 32539 | Gauntlet | Found a large runed translucent door.
 32539 | Gauntlet | Found a large runed translucent door.
 32539 | Gauntlet | Found a runed translucent door.
 32539 | Gauntlet | Found a runed translucent door.
 32540 | Gauntlet | Found a large runed translucent door.
 32540 | Gauntlet | Found a large runed translucent door.
 32540 | Gauntlet | Found a large runed translucent door.
 32540 | Gauntlet | Found a large runed translucent door.
 32541 | Gauntlet | Found a large runed translucent door.
 32542 | Gauntlet | Found a large runed translucent door.
 32546 | Gauntlet | Found a transporter.
 32552 | Gauntlet | Found a transporter.
 32554 | Gauntlet | Found a transporter.
 32554 | Gauntlet | Found a large runed translucent door.
 32554 | Gauntlet | Found a large runed translucent door.
 32555 | Gauntlet | Found a large runed translucent door.
 32555 | Gauntlet | Found a large runed translucent door.
 32555 | Gauntlet | Found a large runed translucent door.
 32556 | Gauntlet | Found a large runed translucent door.
 32565 | Gauntlet | Found a runed translucent gate.
 32565 | Gauntlet | Found a runed translucent gate.
 32565 | Gauntlet | Found a runed translucent gate.
 32567 | Gauntlet | Found a transporter.
 32589 | Gauntlet | Found a transporter.
 32615 | Gauntlet | Found a transporter.
 32684 | Gauntlet | Found a transporter.
 32944 | Gauntlet | Identified the ring "Vecukkas" {rC+++ Will+ Str+5 Int-5}
 33070 | D:15     | Reached skill level 15 in Armour
 34009 | D:3      | Killed Esekla's ghost
 34111 | D:3      | Killed Crazy Yiuf
 34406 | Orc:2    | Killed olddryhag's ghost
 34636 | Snake:1  | Entered Level 1 of the Snake Pit
 34652 | Snake:1  | Reached skill level 1 in Shields
 34652 | Snake:1  | Reached skill level 2 in Spellcasting
 35145 | Snake:1  | Reached skill level 2 in Shields
 35565 | Snake:1  | HP: 14/143 [salamander/arrow (1)]
 35972 | Snake:1  | Identified a potion of resistance
 36361 | Snake:1  | Reached skill level 3 in Spellcasting
 36586 | Snake:2  | Reached skill level 3 in Shields
 36587 | Snake:2  | Reached skill level 16 in Fighting
 37311 | Snake:2  | Noticed a nagaraja
 37444 | Snake:2  | Killed a nagaraja
 38070 | Snake:2  | Reached skill level 4 in Shields
 38156 | Snake:2  | Reached XP level 16. HP: 151/151 MP: 21/21
 38219 | Snake:2  | Reached skill level 17 in Axes
 38219 | Snake:2  | Reached skill level 4 in Spellcasting
 38281 | Snake:2  | Identified the +9 sling "Uskygov" {elec, ^Drain rPois
                  | Int+4}
 38538 | Snake:2  | Reached skill level 5 in Shields
 39057 | Snake:3  | HP: 11/152 [naga/+3 short sword (21)]
 39058 | Snake:3  | HP: 1/152 [poisoned by a guardian serpent (bolt of poison)]
 39061 | Snake:3  | Mangled by a guardian serpent

Vanquished Creatures
  An azure jelly (IceCv)
  A nagaraja (Snake:2)
  A stone giant (D:15)
  A quicksilver ooze (IceCv)
  The ghost of olddryhag the Fighter, a journeyman DsGl of Uskayaw (Orc:2)
  A minotaur (Gauntlet)
  A fire dragon (D:13)
  3 hydras
  A vault guard (D:14)
  An ice dragon (Lair:5)
  An ogre mage (D:15)
  2 boulder beetles
  An anaconda (Snake:2)
  A dancing weapon (D:14)
  9 two-headed ogres
  7 death yaks
  2 orc high priests (Orc:2)
  4 naga sharpshooters (Snake:1)
  2 naga warriors (Snake:2)
  Nergalle (Lair:1)
  2 shock serpents
  A fire crab (Gauntlet)
  3 salamander mystics (Snake:2)
  2 skysharks (Lair:4)
  Pikel (D:7)
  2 lindwurms
  2 manticores
  2 deep elf pyromancers
  5 orc sorcerers
  3 orc knights
  An oklob plant (Lair:2)
  A wolf spider (D:15)
  6 ugly things
  18 black mambas
  7 cyclopes
  12 elephants
  4 kobold blastminers
  3 meliai (D:14)
  21 salamanders
  Joseph (D:8)
  6 cane toads
  3 ice statues (IceCv)
  2 naga magi
  A cane toad (shapeshifter) (D:14)
  An orange demon (Lair:1)
  A gargoyle (D:11)
  A rime drake (Lair:5)
  An unseen horror (D:10)
  8 komodo dragons
  A freezing wraith (D:15)
  A tengu conjurer (D:13)
  5 trolls
  3 tyrant leeches (Lair:5)
  Prince Ribbit (Lair:1)
  A raiju (Gauntlet)
  4 hornets (Lair:5)
  16 blink frogs
  Sigmund (D:1)
  2 centaur simulacra (Gauntlet)
  17 slime creatures
  2 vampires
  3 wraiths
  A ynoxinul (Gauntlet)
  2 water elementals (D:12)
  A shadow (D:10)
  3 wyverns
  30 yaks
  A warg (D:10)
  4 fire bats (Gauntlet)
  A steam dragon (Gauntlet)
  3 vampire mosquitoes (D:15)
  A basilisk (Lair:3)
  The ghost of Esekla the Covert, an amateur OpDe of Gozag (D:3)
  2 swamp worms (Lair:2)
  13 nagas
  11 water moccasins
  A great orb of eyes simulacrum (IceCv)
  An acid dragon (D:12)
  A cane toad zombie (D:14)
  19 orc warriors
  2 ice beasts
  2 black bears
  4 laughing skulls (D:13)
  5 ogres
  2 sky beasts
  4 wolves
  4 slime creature simulacra (IceCv)
  A lemure (D:7)
  2 phantoms
  A kobold brigand (D:8)
  11 bullfrogs
  6 scorpions
  A gnoll sergeant (D:8)
  5 glowing shapeshifter simulacra (IceCv)
  7 wights
  4 killer bees (D:9)
  4 electric eels (D:12)
  A howler monkey (D:9)
  A bombardier beetle (D:3)
  2 lava snakes (Snake:2)
  25 orc priests
  3 hounds
  A wyvern simulacrum (Gauntlet)
  2 jellies (D:6)
  Crazy Yiuf (D:3)
  3 iron imps (Gauntlet)
  A sleepcap (D:6)
  2 iguanas
  Natasha (D:2)
  47 orc wizards
  3 shapeshifter simulacra (IceCv)
  5 gnolls
  4 adders
  A shadow imp (D:4)
  12 white imps (D:13)
  4 dart slugs
  2 ribbon worms
  73 orcs
  2 bats (D:2)
  7 endoplasms
  9 giant cockroaches
  3 goblins
  3 hobgoblins
  7 kobolds
  5 quokkas
  2 ball pythons
  4 frilled lizards
  2 rats
619 creatures vanquished.

Vanquished Creatures (collateral kills)
  3 hydras
  3 death yaks
  A boulder beetle (D:12)
  Amaemon (Lair:1)
  A shock serpent (Snake:2)
  A lindwurm (Lair:5)
  4 salamanders (Snake:2)
  An elephant (Lair:3)
  2 black mambas
  A naga mage (Snake:1)
  6 torpor snails
  2 cane toads
  2 rime drakes (Lair:2)
  4 komodo dragons
  3 hornets (Lair:5)
  5 blink frogs
  A wyvern (D:9)
  13 yaks
  A steam dragon (D:8)
  A swamp worm (Lair:2)
  A naga (Snake:3)
  4 water moccasins
  An orc warrior (Orc:1)
  A wolf (Lair:1)
  2 bullfrogs
  An electric eel (D:12)
  A dart slug (D:1)
  5 orcs
  An endoplasm (D:1)
  A ball python (D:1)
74 creatures vanquished.

Vanquished Creatures (others)
  3 ugly thing zombies (D:14)
  A hydra zombie (Lair:5)
  4 black mamba zombies
  A two-headed ogre zombie (D:15)
  A cane toad zombie (Lair:4)
  2 fire bat zombies (Gauntlet)
  2 hornet zombies (Lair:5)
  3 blink frog zombies
  6 naga zombies
  A rime drake zombie (Lair:2)
  4 komodo dragon zombies
  A kobold zombie (Orc:1)
  5 salamander zombies (Snake:2)
  2 water moccasin zombies (Lair:1)
  4 yak zombies
  3 bullfrog zombies
  An orc wizard (Orc:2)
  3 ogre zombies (D:15)
  5 gnoll zombies (D:8)
  34 orc zombies
86 creatures vanquished.

Grand Total: 779 creatures vanquished

Table legend: (Time is in decaauts)
 A = Elapsed time spent in this place.
 B = Non-inter-level travel time spent in this place.
 C = Inter-level travel time spent in this place.
 D = Time resting spent in this place.
 E = Time spent auto-exploring this place.
 F = Levels seen in this place.
 G = Mean time per level.
                   A        B        C        D        E       F      G
               +--------+--------+--------+--------+--------+-----+--------+
         Total |  39380 |  36985 |   2395 |   7097 |  23026 |  28 | 1406.4 |
       Dungeon |  22918 |  20947 |   1971 |   3047 |  14389 |  15 | 1527.9 |
        Temple |      8 |      4 |      4 |      0 |      0 |   1 |    8.0 |
          Lair |   8915 |   8660 |    255 |   2570 |   4578 |   5 | 1783.0 |
     Snake Pit |   3815 |   3778 |     37 |    835 |   2244 |   3 | 1271.7 |
  Orcish Mines |   2240 |   2114 |    126 |    490 |   1132 |   2 | 1120.0 |
      Ice Cave |    939 |    939 |      0 |    149 |    448 |   1 |  939.0 |
      Gauntlet |    543 |    543 |      0 |      5 |    235 |   1 |  543.0 |
               +--------+--------+--------+--------+--------+-----+--------+

Top non-repeatable levels by time:
  Lair:2: 2889 daAuts
     D:9: 2361 daAuts
     D:8: 2335 daAuts
 Snake:2: 2131 daAuts
    D:10: 2098 daAuts
     D:7: 2080 daAuts
  Lair:5: 1876 daAuts
    D:13: 1728 daAuts
    D:11: 1656 daAuts
  Lair:1: 1641 daAuts
 Snake:1: 1595 daAuts
     D:1: 1498 daAuts
  Lair:3: 1480 daAuts
     D:5: 1457 daAuts
    D:12: 1424 daAuts

Table legend:
 A = Non-vault XP
 B = Vault XP
 C = Vault XP percentage of total XP
 D = Non-vault monster count
 E = Vault monster count
 F = Vault count percentage of total count
                 A         B        C        D         E       F
            +---------+---------+-------+---------+---------+-------
      Total |  112528 |   49707 |  30.6 |     488 |     203 |  29.4
            +---------+---------+-------+---------+---------+-------
        D:1 |      45 |     239 |  84.2 |      22 |       1 |   4.3
        D:2 |      23 |      50 |  68.5 |      11 |       3 |  21.4
        D:3 |     124 |     232 |  65.2 |      19 |       5 |  20.8
        D:4 |      68 |       0 |   0.0 |       6 |       0 |   0.0
        D:5 |     728 |     343 |  32.0 |      16 |       9 |  36.0
        D:6 |     431 |       0 |   0.0 |       8 |       0 |   0.0
        D:7 |     716 |    1046 |  59.4 |       9 |       3 |  25.0
        D:8 |    2282 |    2149 |  48.5 |      27 |       6 |  18.2
        D:9 |    1853 |     517 |  21.8 |      22 |       1 |   4.3
       D:10 |    3962 |     425 |   9.7 |      23 |       3 |  11.5
       D:11 |    4165 |     496 |  10.6 |      13 |       1 |   7.1
       D:12 |    3951 |       0 |   0.0 |      22 |       0 |   0.0
       D:13 |    7407 |     676 |   8.4 |      19 |      13 |  40.6
       D:14 |    6452 |    1681 |  20.7 |      11 |       2 |  15.4
       D:15 |    9329 |    1101 |  10.6 |      28 |       1 |   3.4
     Lair:1 |    6235 |    3073 |  33.0 |      28 |       7 |  20.0
     Lair:2 |    6204 |    3370 |  35.2 |      18 |      11 |  37.9
     Lair:3 |    8119 |    1477 |  15.4 |      23 |       4 |  14.8
     Lair:4 |    9404 |       0 |   0.0 |      30 |       0 |   0.0
     Lair:5 |   10845 |    7051 |  39.4 |      27 |      18 |  40.0
    Snake:1 |   11327 |       0 |   0.0 |      23 |       0 |   0.0
    Snake:2 |   13608 |    7832 |  36.5 |      28 |      15 |  34.9
    Snake:3 |    1077 |       0 |   0.0 |       3 |       0 |   0.0
      Orc:1 |    2740 |     749 |  21.5 |      26 |       4 |  13.3
      Orc:2 |    1433 |    6283 |  81.4 |      26 |      51 |  66.2
      IceCv |       0 |    7083 | 100.0 |       0 |      30 | 100.0
   Gauntlet |       0 |    3834 | 100.0 |       0 |      15 | 100.0
            +---------+---------+-------+---------+---------+-------
